 Dungeon Crawl Stone Soup version 0.23.2 (webtiles) character file.

Game seed: 17168467052111459025

7672 esteth the Destroyer (level 11, -5/81 HPs)
             Began as a Gnoll Conjurer on Apr 4, 2019.
             Was an Elder of Sif Muna.
             Slain by a black mamba (14 damage)
             ... on level 1 of the Lair of Beasts on Apr 5, 2019.
             The game lasted 00:46:48 (15116 turns).

esteth the Destroyer (Gnoll Conjurer)              Turns: 15116, Time: 00:46:49

Health: -5/81      AC:  6    Str: 16    XL:     11   Next: 18%
Magic:  7/22       EV: 18    Int: 21    God:    Sif Muna [****..]
Gold:   619        SH:  0    Dex: 19    Spells: 11/25 levels left

rFire    + . .     SeeInvis .   J - +8 trident of the Octopus King {venom, rElec rPois MR+}
rCold    . . .     Gourm    .   (no shield)
rNeg     . . .     Faith    .   g - +0 robe
rPois    +         Spirit   .   l - +1 hat
rElec    +         Reflect  .   (no cloak)
rCorr    .         Harm     .   s - +2 pair of gloves of Ethics {rF+ Dex+4}
MR       +....                  (no boots)
Stlth    ++++......             (no amulet)
HPRegen  0.23/turn              x - ring of poison resistance
MPRegen  0.18/turn              f - +5 ring of strength

@: no status effects
A: distributed training, fangs 1, strong nose
a: Divine Energy, Channel Magic, Forget Spell, Renounce Religion


You were on level 1 of the Lair of Beasts.
You worshipped Sif Muna.
Sif Muna was greatly pleased with you.
You were hungry.

You visited 2 branches of the dungeon, and saw 11 of its levels.

You collected 619 gold pieces.

Inventory:

Hand Weapons
 n - a +2 dagger of speed
 F - a +1 fustibalus of freezing
 J - the +8 trident of the Octopus King (weapon) {venom, rElec rPois MR+}
   (You found it on level 9 of the Dungeon)

   It poisons the flesh of those it strikes.
   It insulates you from electricity.
   It protects you from poison.
   It affects your resistance to hostile enchantments.
Missiles
 D - 44 sling bullets
 G - 37 stones (quivered)
Armour
 a - a +0 robe
 e - a +0 pair of gloves
 g - a +0 robe (worn)
 j - a +0 helmet
 l - a +1 hat (worn)
 s - the +2 pair of gloves of Ethics (worn) {rF+ Dex+4}
   (You found it on level 7 of the Dungeon)

   It affects your dexterity (+4).
   It protects you from fire.
Magical Staves
 y - an uncursed staff of energy
 E - an uncursed staff of power
Jewellery
 f - a +5 ring of strength (right hand)
 x - a ring of poison resistance (left hand)
Wands
 p - a wand of iceblast (4)
 q - a wand of enslavement (16)
 v - a wand of flame (13)
Scrolls
 d - a scroll of identify
 k - 7 scrolls of immolation
 u - a scroll of enchant weapon
 A - 2 scrolls of remove curse
 B - a scroll of magic mapping
 M - 4 scrolls of teleportation
Potions
 b - 2 potions of magic
 h - a potion of cancellation {unknown}
 i - a potion of ambrosia {unknown}
 m - a potion of might
 o - a potion of mutation {unknown}
 r - a potion of invisibility {unknown}
 t - 2 potions of resistance
 w - 3 potions of lignification
 z - a potion of curing
 C - a potion of agility {unknown}
 H - 2 potions of flight {unknown}
 I - a potion of brilliance {unknown}
 L - a potion of degeneration {unknown}
Miscellaneous
 K - a phial of floods
Comestibles
 c - 15 rations
 N - a chunk of flesh


   Skills:
 + Level 5.9 Fighting
 + Level 5.9 Short Blades
 + Level 5.9 Long Blades
 + Level 5.9 Axes
 + Level 5.9 Maces & Flails
 + Level 5.9 Polearms
 + Level 5.9 Staves
 + Level 5.9 Slings
 + Level 5.9 Bows
 + Level 5.9 Crossbows
 + Level 5.9 Throwing
 + Level 5.9 Armour
 + Level 7.6 Dodging
 + Level 7.3 Stealth
 + Level 5.9 Shields
 + Level 5.9 Unarmed Combat
 + Level 7.8 Spellcasting
 + Level 8.7 Conjurations
 + Level 4.9 Hexes
 + Level 4.9 Charms
 + Level 4.9 Summonings
 + Level 4.9 Necromancy
 + Level 4.9 Translocations
 + Level 4.9 Transmutations
 + Level 4.9 Fire Magic
 + Level 4.9 Ice Magic
 + Level 4.9 Air Magic
 + Level 4.9 Earth Magic
 + Level 4.9 Poison Magic
 + Level 6.5 Invocations
 + Level 5.9 Evocations


You had 11 spell levels left.
You knew the following spells:

 Your Spells              Type           Power        Failure   Level  Hunger
a - Magic Dart            Conj           ####         1%          1    None
b - Fulminant Prism       Conj/Hex       #####.....   4%          4    ###....
c - Iskenderun's Mystic   Conj           #####...     2%          4    ###....
d - Blink                 Tloc           N/A          1%          2    None
e - Portal Projectile     Hex/Tloc       ####..       3%          3    None

Your spell library contained the following spells:

 Spells                   Type           Power        Failure   Level  Hunger
 Animate Skeleton         Necr           N/A          1%          1    None
 Apportation              Tloc           ####..       1%          1    None
 Confusing Touch          Hex            ####..       1%          1    None
 Corona                   Hex            ####...      1%          1    None
 Summon Small Mammal      Summ           ####         1%          1    None
 Ensorcelled Hibernation  Hex/Ice        ####..       1%          2    None
 Searing Ray              Conj           #####.       1%          2    None
 Dazzling Spray           Conj/Hex       #####.       1%          3    None
 Confuse                  Hex            ####....     3%          3    None
 Inner Flame              Hex/Fire       ####....     3%          3    None
 Tukima's Dance           Hex            ####....     3%          3    None
 Force Lance              Conj/Tloc      #####...     4%          4    ###....
 Ignition                 Fire           ####......   100%        8    #######


Dungeon Overview and Level Annotations

Branches:
Dungeon (10/15)            Temple (0/1) D:4            Lair (1/6) D:10
    Orc (0/2) D:9

Altars:
Dithmenos
Fedhas
Gozag
Makhleb
Nemelex Xobeh
Qazlal
Sif Muna
Vehumet
Wu Jian
Yredelemnul
The Shining One

Shops:
D:8 [[}

Annotations:
D:5 1 runed translucent door, Crazy Yiuf
Lair:1 Gastronok


Innate Abilities, Weirdness & Mutations

Your experience applies equally to all skills.
You have very sharp teeth.
Your uncanny sense of smell can sniff out nearby items.


Message History

Attack whom?
Press: ? - help, Dir - move target cursor, f/p - Gastronok
Aim: Gastronok, wearing a +1 hat of magic resistance (moderately wounded)
You reach to attack!
You puncture Gastronok!
Gastronok is moderately wounded.
Attack whom?
Press: ? - help, Dir - move target cursor, f/p - Gastronok
Aim: Gastronok, wearing a +1 hat of magic resistance (moderately wounded)
You reach to attack!
You hit Gastronok.
Gastronok is poisoned.
Gastronok is moderately wounded.
The black mamba bites you! The black mamba bites you!
The black mamba closely misses you. The black mamba completely misses you.
Gastronok bites you!!
* * * LOW HITPOINT WARNING * * *
There is a staircase back to the Dungeon, spattered with blood here.
The black mamba bites you!
* * * LOW HITPOINT WARNING * * *
The black mamba bites you!
You die...

....
.....#
......#
(......###
........#
#......##
#......##
#......##
#..@S...#
#...w..##
#......##
#......##
#.......#
.......#.#
......####
.....#


You could see Gastronok and a black mamba.

Vanquished Creatures
  A two-headed ogre (D:9)
  An unseen horror (D:10)
  Maurice (D:8)
  A troll (D:9)
  2 hippogriffs
  A wraith (D:10)
  Sigmund (D:3)
  A spriggan (D:7)
  A basilisk (D:10)
  2 yaks (D:10)
  Edmund (D:5)
  Duvessa (D:5)
  A water moccasin (D:8)
  A black bear (D:10)
  4 orc warriors
  2 ice beasts
  An eye of draining (D:9)
  A necrophage (D:8)
  5 ogres
  4 centaurs
  A crocodile (D:10)
  5 big kobolds
  2 bullfrogs
  6 gnoll sergeants (D:9)
  Dowan (D:5)
  2 scorpions
  4 howler monkeys
  5 wights (D:6)
  6 crimson imps
  4 hounds
  4 jellies
  7 orc priests
  Terence (D:2)
  A centaur skeleton (D:5)
  11 orc wizards
  7 worker ants
  5 gnolls
  18 adders
  2 shadow imps (D:8)
  An ooze (D:1)
  2 adder skeletons
  2 worms
  A dart slug (D:3)
  6 leopard geckos
  22 orcs
  5 giant cockroaches
  6 goblins
  4 hobgoblins
  5 jackals
  13 kobolds
  6 quokkas
  A ball python (D:6)
  8 bats
  6 frilled lizards
  6 rats
  2 fulminant prisms
221 creatures vanquished.

Vanquished Creatures (others)
  A shadow imp (D:3)
  A dart slug (D:3)
  2 orcs (D:3)
  83 fulminant prisms
87 creatures vanquished.

Grand Total: 308 creatures vanquished

Notes
Turn   | Place    | Note
-------+----------+-------------------------------------------
     0 | D:1      | esteth the Gnoll Conjurer began the quest for the Orb.
     0 | D:1      | Reached XP level 1. HP: 13/13 MP: 6/6
   428 | D:1      | Reached XP level 2. HP: 19/19 MP: 4/7
   858 | D:2      | Reached XP level 3. HP: 25/25 MP: 1/9
  1011 | D:2      | Reached skill level 5 in Spellcasting
  1053 | D:2      | Reached skill level 1 in Invocations
  1194 | D:2      | Found an ornate altar of the Wu Jian Council.
  1205 | D:2      | Found a deep blue altar of Sif Muna.
  1258 | D:2      | Reached skill level 1 in Fighting
  1258 | D:2      | Reached skill level 1 in Short Blades
  1258 | D:2      | Reached skill level 1 in Long Blades
  1258 | D:2      | Reached skill level 1 in Axes
  1258 | D:2      | Reached skill level 1 in Maces & Flails
  1258 | D:2      | Reached skill level 1 in Polearms
  1258 | D:2      | Reached skill level 1 in Staves
  1258 | D:2      | Reached skill level 1 in Slings
  1258 | D:2      | Reached skill level 1 in Bows
  1258 | D:2      | Reached skill level 1 in Crossbows
  1258 | D:2      | Reached skill level 1 in Throwing
  1258 | D:2      | Reached skill level 1 in Armour
  1258 | D:2      | Reached skill level 1 in Shields
  1258 | D:2      | Reached skill level 1 in Unarmed Combat
  1258 | D:2      | Reached skill level 1 in Evocations
  1258 | D:2      | Reached XP level 4. HP: 32/32 MP: 7/11
  1302 | D:2      | Became a worshipper of Sif Muna the Loreminder
  1679 | D:3      | Noticed Terence
  1783 | D:1      | Learned a level 4 spell: Fulminant Prism
  1837 | D:2      | Killed Terence
  2019 | D:3      | Reached skill level 1 in Hexes
  2019 | D:3      | Reached skill level 1 in Charms
  2019 | D:3      | Reached skill level 1 in Summonings
  2019 | D:3      | Reached skill level 1 in Necromancy
  2019 | D:3      | Reached skill level 1 in Translocations
  2019 | D:3      | Reached skill level 1 in Transmutations
  2019 | D:3      | Reached skill level 1 in Fire Magic
  2019 | D:3      | Reached skill level 1 in Ice Magic
  2019 | D:3      | Reached skill level 1 in Air Magic
  2019 | D:3      | Reached skill level 1 in Earth Magic
  2019 | D:3      | Reached skill level 1 in Poison Magic
  2041 | D:3      | Reached XP level 5. HP: 16/37 MP: 0/12
  2558 | D:3      | Learned a level 4 spell: Iskenderun's Mystic Blast
  2757 | D:3      | Reached * piety under Sif Muna
  2758 | D:3      | Found a radiant altar of Vehumet.
  2804 | D:3      | Noticed Sigmund
  2951 | D:4      | Found a shadowy altar of Dithmenos.
  3050 | D:4      | Reached XP level 6. HP: 42/44 MP: 3/13
  3458 | D:4      | Reached skill level 5 in Dodging
  3832 | D:4      | Found a staircase to the Ecumenical Temple.
  3851 | D:4      | Reached XP level 7. HP: 47/50 MP: 6/15
  3943 | D:4      | Identified the Handbook of the Tired Souls
  3954 | D:4      | Found a stormy altar of Qazlal.
  3958 | D:4      | Learned a level 2 spell: Blink
  4088 | D:5      | Entered Level 5 of the Dungeon
  4088 | D:5      | Noticed Edmund
  4194 | D:5      | Killed Edmund
  4444 | D:5      | Found a glowing golden altar of the Shining One.
  4470 | D:5      | Found a runed translucent door.
  4471 | D:5      | Noticed Crazy Yiuf
  4899 | D:5      | Noticed Duvessa
  4899 | D:5      | Noticed Dowan
  4912 | D:5      | Killed Duvessa
  4912 | D:5      | Reached skill level 5 in Stealth
  4921 | D:5      | Killed Dowan
  4921 | D:5      | Reached XP level 8. HP: 29/57 MP: 1/16
  6701 | D:6      | Found a burning altar of Makhleb.
  6705 | D:6      | Reached ** piety under Sif Muna
  6947 | D:6      | Noticed a balrug
  7529 | D:7      | Noticed a spriggan baker
  7848 | D:7      | Killed a spriggan baker
  7848 | D:7      | Reached XP level 9. HP: 50/65 MP: 18/18
  7877 | D:7      | HP: 2/65 [orc wizard/puff of flame (4)]
  8646 | D:7      | Got a pair of heavily runed gloves
  8652 | D:7      | Identified the +2 pair of gloves of Ethics {rF+ Dex+4} (You
                  | found it on level 7 of the Dungeon)
  8742 | D:7      | Found a sparkling altar of Nemelex Xobeh.
  8743 | D:7      | Found an opulent altar of Gozag.
  9149 | D:8      | Found a blossoming altar of Fedhas.
  9150 | D:8      | Found Sixackam's Gadget Shoppe.
  9241 | D:8      | Found a basalt altar of Yredelemnul.
  9274 | D:8      | Found Lom Meha's Antique Armour Shoppe.
  9299 | D:8      | Noticed Maurice
  9632 | D:8      | Killed Maurice
  9632 | D:8      | Reached skill level 8 in Conjurations
 10043 | D:3      | Killed Sigmund
 10196 | D:3      | Reached skill level 5 in Invocations
 10512 | D:2      | Learned a level 3 spell: Portal Projectile
 11132 | D:8      | Found Nauvis's Armour Shop.
 11372 | D:9      | Reached XP level 10. HP: 73/73 MP: 17/20
 11429 | D:9      | Noticed a two-headed ogre
 11491 | D:9      | Killed a two-headed ogre
 11491 | D:9      | Reached skill level 5 in Fighting
 11491 | D:9      | Reached skill level 5 in Short Blades
 11491 | D:9      | Reached skill level 5 in Long Blades
 11491 | D:9      | Reached skill level 5 in Axes
 11491 | D:9      | Reached skill level 5 in Maces & Flails
 11491 | D:9      | Reached skill level 5 in Polearms
 11491 | D:9      | Reached skill level 5 in Staves
 11491 | D:9      | Reached skill level 5 in Slings
 11491 | D:9      | Reached skill level 5 in Bows
 11491 | D:9      | Reached skill level 5 in Crossbows
 11491 | D:9      | Reached skill level 5 in Throwing
 11491 | D:9      | Reached skill level 5 in Armour
 11491 | D:9      | Reached skill level 5 in Shields
 11491 | D:9      | Reached skill level 5 in Unarmed Combat
 11491 | D:9      | Reached skill level 5 in Evocations
 11798 | D:9      | Reached *** piety under Sif Muna
 12443 | D:9      | Found the +8 trident of the Octopus King {venom, rElec
                  | rPois MR+}
 12859 | D:9      | Found a staircase to the Orcish Mines.
 12980 | D:10     | Entered Level 10 of the Dungeon
 13629 | D:10     | Reached XP level 11. HP: 18/81 MP: 1/22
 13798 | D:10     | HP: 1/81 [something (4)]
 14724 | D:10     | Found a staircase to the Lair.
 14799 | D:10     | Killed an unseen horror
 14799 | D:10     | Reached **** piety under Sif Muna
 15102 | Lair:1   | Entered Level 1 of the Lair of Beasts
 15102 | Lair:1   | Noticed Gastronok
 15116 | Lair:1   | Slain by a black mamba

Skill      XL: |  1  2  3  4  5  6  7  8  9 10 |
---------------+-------------------------------+-----
Spellcasting   | 5 6 7 |  7.8
Invocations    | 1 2 3 4 5 6 |  6.5
Fighting       | 1 2 3 4 5 |  5.9
Short Blades   | 1 2 3 4 5 |  5.9
Long Blades    | 1 2 3 4 5 |  5.9
Axes           | 1 2 3 4 5 |  5.9
Maces & Flails | 1 2 3 4 5 |  5.9
Polearms       | 1 2 3 4 5 |  5.9
Staves         | 1 2 3 4 5 |  5.9
Slings         | 1 2 3 4 5 |  5.9
Bows           | 1 2 3 4 5 |  5.9
Crossbows      | 1 2 3 4 5 |  5.9
Throwing       | 1 2 3 4 5 |  5.9
Armour         | 1 2 3 4 5 |  5.9
Shields        | 1 2 3 4 5 |  5.9
Unarmed Combat | 1 2 3 4 5 |  5.9
Evocations     | 1 2 3 4 5 |  5.9
Hexes          | 1 2 3 4 |  4.9
Charms         | 1 2 3 4 |  4.9
Summonings     | 1 2 3 4 |  4.9
Necromancy     | 1 2 3 4 |  4.9
Translocations | 1 2 3 4 |  4.9
Transmutations | 1 2 3 4 |  4.9
Fire Magic     | 1 2 3 4 |  4.9
Ice Magic      | 1 2 3 4 |  4.9
Air Magic      | 1 2 3 4 |  4.9
Earth Magic    | 1 2 3 4 |  4.9
Poison Magic   | 1 2 3 4 |  4.9
Dodging        | 5 6 7 |  7.6
Stealth        | 5 6 7 |  7.3
Conjurations   | 8 |  8.7

Action                   |  1- 3 |  4- 6 |  7- 9 | 10-12 || total
-------------------------+-------+-------+-------+-------++-------
Melee: Unarmed           |     8 |       |       |       ||     8
       Dagger            |    13 |    73 |    40 |       ||   126
       Bite              |     1 |     4 |     9 |     7 ||    21
       Punch             |       |     1 |     1 |     2 ||     4
       Staff             |       |       |    22 |       ||    22
       Trident           |       |       |       |    88 ||    88
 Fire: Fustibalus        |       |       |    10 |   102 ||   112
 Cast: Magic Dart        |    50 |    89 |   169 |    43 ||   351
       Fulminant Prism   |       |    10 |    48 |    28 ||    86
       Blink             |       |       |     3 |     3 ||     6
       Iskenderun's Myst |       |       |     6 |     7 ||    13
Evoke: Wand              |       |       |     2 |     6 ||     8
  Use: Potion            |       |     1 |     4 |     2 ||     7
       Scroll            |       |     4 |    10 |     7 ||    21
 Stab: Sleeping          |       |       |     1 |     8 ||     9
  Eat: Chunk             |     1 |     4 |    14 |     8 ||    27
       Ration            |       |     2 |     3 |     2 ||     7
Armor: Robe              |    11 |    14 |    17 |    20 ||    62
Dodge: Dodged            |    24 |    80 |   101 |    87 ||   292
